 Dungeon Crawl Stone Soup version 0.21.1-1-g345015f (webtiles) character file.

56 letownia2 the Conjurer (level 3, -4/19 HPs)
             Began as a Tengu Wizard on Mar 6, 2018.
             Slain by a gnoll
             ... wielding a +0 flail
              (9 damage)
             ... on level 4 of the Dungeon.
             The game lasted 00:04:09 (843 turns).

letownia2 the Conjurer (Tengu Wizard)                Turns: 843, Time: 00:04:09

Health: -4/19      AC:  3    Str:  7    XL:     3   Next: 95%
Magic:  4/8        EV: 11    Int: 19    God:
Gold:   98         SH:  0    Dex: 12    Spells: 2/8 levels left

rFire    . . .     SeeInvis .   g - +0 spear
rCold    . . .     Gourm    .   (no shield)
rNeg     . . .     Faith    .   o - +0 leather armour
rPois    .         Spirit   .   b - +0 hat
rElec    .         Reflect  .   (no cloak)
rCorr    .         Harm     .   (no gloves)
MR       .....                  (boots unavailable)
Stlth    +.........             (no amulet)
HPRegen  0.06/turn              (no ring)
MPRegen  0.11/turn              (no ring)

@: confused
A: beak, talons 3
a: no special abilities


You were on level 4 of the Dungeon.
You were not hungry.

You visited 1 branch of the dungeon, and saw 4 of its levels.

You collected 98 gold pieces.

Inventory:

Hand Weapons
 g - a +0 spear (weapon)
 n - a +0 dagger
Armour
 a - a +0 robe
 b - a +0 hat (worn)
 o - a +0 leather armour (worn)
Scrolls
 e - 3 scrolls of identify {unknown}
 h - a scroll of remove curse {unknown}
 j - a scroll of magic mapping {unknown}
 l - 2 scrolls of noise {unknown}
Potions
 f - a potion of mutation {unknown}
 i - a potion of invisibility {unknown}
 k - 2 potions of ambrosia {unknown}
Books
 c - a book of Minor Magic

   Spells                             Type                      Level
   a - Magic Dart                     Conjuration                  1
   b - Blink                          Translocation                2
   c - Call Imp                       Summoning                    2
   d - Slow                           Hexes                        2
   e - Conjure Flame                  Conjuration/Fire             3
   f - Mephitic Cloud                 Conjuration/Poison/Air       3
Comestibles
 d - 3 rations
 m - 2 chunks of flesh


   Skills:
 - Level 2.1 Dodging
 - Level 2.0 Stealth
 - Level 3.0 Spellcasting
 + Level 4.4 Conjurations
 - Level 1.2 Summonings
   Level 0.7 Translocations
 + Level 1.8 Air Magic


You had 2 spell levels left.
You knew the following spells:

 Your Spells              Type           Power        Failure   Level  Hunger
a - Magic Dart            Conj           ###.         3%          1    None
e - Mephitic Cloud        Conj/Pois/Air  ##......     28%         3    ###....
i - Call Imp              Summ           #.......     22%         2    ##.....


Dungeon Overview and Level Annotations

Branches:
Dungeon (4/15)
 Temple: D:4-7

Altars:

Shops:
D:4 !


Innate Abilities, Weirdness & Mutations

You have a beak for a mouth.
You have claws for feet.


Message History

You are no longer poisoned.
You see here a giant cockroach corpse.
You hear the brisk rusting of a very distant drain.
Casting: Magic Dart
Confirm with . or Enter, or press ? or * to list all spells.
You don't know that spell.
Casting: Magic Dart
Confirm with . or Enter, or press ? or * to list all spells.
Aiming: Mephitic Cloud
Press: ? - help, Shift-Dir - straight line, f - gnoll
Aim: a gnoll, wielding a flail That beam is likely to hit you.
Continue anyway?
The ball explodes into a vile cloud!
The stinking cloud engulfs the gnoll.
The stinking cloud engulfs you!
You are engulfed in noxious fumes.
You choke on the stench!
You are confused.
* * * LOW HITPOINT WARNING * * *
The gnoll is engulfed in noxious fumes.
The gnoll appears confused.
The gnoll hits you with a flail!
You die...

#. # #.## # ..# #. #.#
######### #..##.#
######.......# #......
#............### #####..
#.####..####.#.## ##......
#. ###..#§g@....#####..###..
#.##.....§##...........####>
#.....g.####....####.....##.
#............#.## #..)#.##.
##.#.#.......### #..).....
#.#.#.####### #..##<###
#.#.#.# #..##.### #.....#
######## #........
###.######......# #...#.##.


You could see 2 gnolls.

Vanquished Creatures
  2 adders
  A worm (D:4)
  A dart slug (D:3)
  2 leopard geckos (D:2)
  2 orcs (D:4)
  A giant cockroach (D:4)
  6 goblins
  2 hobgoblins
  A quokka (D:2)
  4 bats
  A frilled lizard (D:2)
  A jackal skeleton (D:4)
  A kobold (D:1)
  4 rats
29 creatures vanquished.

Notes
Turn   | Place    | Note
-------+----------+-------------------------------------------
     0 | D:1      | letownia2 the Tengu Wizard began the quest for the Orb.
     0 | D:1      | Reached XP level 1. HP: 10/10 MP: 5/5
    49 | D:1      | Reached skill level 2 in Conjurations
    80 | D:1      | Reached XP level 2. HP: 15/15 MP: 2/7
   127 | D:1      | Learned a level 2 spell: Call Imp
   185 | D:2      | Reached skill level 3 in Conjurations
   430 | D:2      | Reached XP level 3. HP: 11/19 MP: 5/8
   435 | D:2      | Learned a level 3 spell: Mephitic Cloud
   547 | D:3      | Reached skill level 4 in Conjurations
   550 | D:3      | Reached skill level 1 in Air Magic
   651 | D:4      | Found Palibby's Distillery.
   843 | D:4      | Slain by a gnoll

Skill      XL: |  1  2  3 |
---------------+----------+-----
Conjurations   | 2 3 4 |  4.4
Air Magic      | 1 |  1.8
Dodging        | |  2.1
Stealth        | |  2.0
Spellcasting   | |  3.0
Summonings     | |  1.2
Translocations | |  0.7

Action                   || total
-------------------------++-------
Melee: Unarmed           ||     2
       Peck              ||     4
       Spear             ||    17
       Kick              ||     4
 Cast: Magic Dart        ||    64
       Mephitic Cloud    ||     1
 Stab: Sleeping          ||     1
Armor: Robe              ||    10
       Leather armour    ||     2
Dodge: Dodged            ||    29
